Map: Stranded Isles

Players

A.I. 5 (Hard)

  • Race: Zerg Zerg
  • Spawn Location: 12:00

A.I. 4 (Hard)

  • Race: Zerg Zerg
  • Spawn Location: 12:00

A.I. 3 (Hard)

  • Race: Protoss Protoss
  • Spawn Location: 9:00

Lunarbears - Winner!

  • Race: Terran Terran
  • Spawn Location: 6:00

FroGGe - Winner!

  • Race: Zerg Zerg
  • Spawn Location: 6:00

larsgj - Winner!

  • Race: Terran Terran
  • Spawn Location: 3:00

VOD

Have the link to the VOD?

Description

Time

  • Played on: May 9, 2020, 4:37 p.m.
  • Length: 24:36
Show
View Real Time Build Order
Export as new Build Order

A.I. 5 (Hard) Zerg 

Build Orders: 1 Base Baneling Bust, Pool First 

Get SALT Encoding   

  12  0:01  Drone  
  13  0:13  Overlord  
  13  0:18  Drone  
  14  0:31  Drone  
  14  0:32  Drone  
  16  0:43  Spawning Pool  
  16  0:45  Drone  
  16  0:50  Drone  
  16  0:53  Extractor  
  16  0:56  Drone  
  17  1:06  Overlord  
  17  1:31  Zergling x2  
  18  1:32  Queen  
  18  1:39  Drone  
  21  1:40  Roach Warren  
  21  1:43  Zergling x2  
  21  1:47  Extractor  
  20  1:49  Drone  
  21  2:00  Drone  
  22  2:11  Lair  
  22  2:22  Roach  
  24  2:30  Drone  
  25  2:39  Overlord  
  25  2:44  Drone  
  26  2:50  Roach  
  28  3:02  Roach  
  28  3:04  Overlord  
  30  3:10  Hydralisk Den  
  30  3:11  Drone  
  30  3:22  Roach  
  32  3:33  Roach  
  34  3:36  Overlord  
  34  3:45  Roach  
  36  3:56  Hydralisk  
  36  3:59  Drone  
  39  4:03  Drone  
  39  4:07  Drone  
  39  4:09  Hydralisk  
  41  4:14  Drone  
  44  4:18  Overlord  
  44  4:21  Hydralisk  
  44  4:22  Drone  
  47  4:33  Drone  
  47  4:34  Baneling Nest  
  47  4:43  Hydralisk, Evolution Chamber  
  48  4:46  Drone  
  48  4:48  Drone  
  50  6:10  Zerg Melee Weapons Level 1  
  50  6:11  Burrow, Roach, Overseer  
  52  6:12  Overlord, Overseer  
  52  6:13  Evolution Chamber  
  52  6:14  Hatchery  
  52  6:17  Spore Crawler  
  49  6:20  Roach  
  49  6:21  Spore Crawler  
  49  6:24  Infestation Pit  
  49  6:30  Roach  
  51  6:33  Drone  
  51  6:36  Drone  
  51  6:39  Roach, Zerg Ground Armor Level 1  
  54  6:41  Drone  
  54  6:44  Drone  
  53  6:49  Zergling x2  
  50  6:58  Roach  
  52  7:07  Roach  
  54  7:11  Hydralisk  
  54  7:14  Spine Crawler  
  53  7:16  Hydralisk  
  53  7:19  Spine Crawler  
  53  7:21  Drone  
  53  7:22  Queen  
  57  7:28  Drone  
  58  7:30  Spore Crawler  
  58  7:32  Drone  
  58  7:36  Drone  
  59  7:38  Drone  
  59  7:39  Drone  
  59  7:41  Drone  
  52  8:01  Hatchery  
  52  8:03  Hydralisk  
  49  8:06  Drone  
  49  8:09  Drone  
  49  8:11  Drone  
  52  8:13  Drone  
  52  8:15  Drone  
  54  8:20  Overlord  
  54  8:23  Drone  
  54  8:26  Drone  
  56  8:28  Drone  
  56  8:30  Drone  
  56  8:32  Drone  
  59  8:39  Drone  
  59  8:40  Drone  
  59  8:41  Overlord  
  61  8:46  Zerg Missile Weapons Level 1  
  61  8:49  Roach  
  63  8:58  Roach  
  63  9:01  Overlord  
  65  9:08  Roach  
  65  9:09  Overseer  
  67  9:11  Overseer  
  67  9:13  Drone  
  67  9:15  Drone  
  67  9:17  Roach, Drone  
  70  9:19  Drone  
  70  9:21  Drone  
  70  9:23  Drone  
  75  9:25  Drone  
  75  9:26  Hydralisk  
  75  9:28  Overlord  
  75  9:30  Drone  
  79  9:32  Drone  
  79  9:34  Drone  
  79  9:35  Drone  
  82  9:38  Drone  
  82  9:44  Drone, Spore Crawler  
  84  9:45  Drone  
  84  9:49  Drone, Spore Crawler  
  84  9:52  Queen, Spore Crawler  
  83  9:53  Hydralisk  
  83  9:54  Overlord  
  83  9:55  Drone  
  83  9:57  Drone  
  83  9:58  Drone  
  90  10:00  Drone  
  90  10:05  Queen  
  90  10:06  Drone  
  94  10:07  Drone  
  94  10:10  Drone  
  96  10:15  Spine Crawler  
  96  10:16  Overlord  
  96  10:17  Drone  
  96  10:22  Spine Crawler  
  96  10:24  Drone  
  96  10:25  Spine Crawler  
  96  10:26  Drone  
  96  10:30  Drone, Spine Crawler  
  96  10:34  Spire  
  96  10:35  Drone  
  96  10:36  Pneumatized Carapace  
  96  10:39  Overseer  
  96  10:42  Hydralisk  
  98  10:45  Overlord  
  98  10:47  Zergling x2  
  98  10:51  Hydralisk, Zerg Melee Weapons Level 2  
  100  11:07  Ravager x2  
  100  11:08  Ravager, Zerg Ground Armor Level 2  
  100  11:09  Extractor  
  102  11:11  Extractor  
  102  11:13  Extractor  
  102  11:14  Extractor, Drone  
  102  11:16  Drone  
  101  11:33  Drone  
  101  11:35  Drone, Glial Reconstitution  
  101  11:36  Drone  
  104  11:48  Zerg Flyer Weapons Level 1  
  104  12:06  Hive  
  101  13:07  Zerg Missile Weapons Level 2  
  101  13:17  Ravager  
  102  13:36  Ultralisk Cavern  
  102  13:37  Drone  
  102  13:42  Zerg Flyer Armor Level 1  
  102  13:52  Corruptor  
  102  13:53  Overlord  
  104  14:00  Infestor  
  106  14:08  Corruptor  
  108  14:10  Pathogen Glands  
  108  14:12  Overlord  
  108  14:15  Corruptor  
  110  14:23  Infestor, Zerg Melee Weapons Level 3  
  101  14:30  Zergling x2  
  100  15:00  Hatchery  
  100  15:03  Drone  
  100  15:23  Zerg Ground Armor Level 3  
  100  15:36  Zerg Flyer Weapons Level 2  
  100  16:15  Queen  
  102  16:29  Zergling x2  
  102  16:34  Roach, Extractor  
  102  16:36  Corruptor  
  93  16:42  Extractor  
  93  16:44  Infestor  
  77  16:51  Infestor, Overseer  
  77  16:52  Spore Crawler  
  77  16:53  Drone  
  77  16:54  Overseer  
  77  16:57  Drone  
  77  16:58  Corruptor  
  77  16:59  Drone  
  77  17:00  Zerg Missile Weapons Level 3  
  79  17:08  Corruptor  
  79  17:09  Overseer  
  79  17:10  Drone, Spore Crawler  
  81  17:25  Overlord, Ultralisk  
  87  17:31  Hydralisk  
  89  17:39  Ultralisk  
  95  17:44  Overlord  
  95  17:51  Zerg Flyer Armor Level 2  
  95  17:52  Ultralisk  
  95  17:58  Hydralisk  
  101  18:03  Overlord  
  101  18:04  Hydralisk  
  105  18:11  Ultralisk  
  111  18:12  Chitinous Plating  
  111  18:18  Ultralisk  
  117  18:23  Overlord  
  117  18:25  Ultralisk  
  123  18:30  Hydralisk  
  125  18:37  Hydralisk  
  125  18:39  Hatchery  
  126  18:42  Overlord  
  126  18:43  Hydralisk  
  128  19:30  Ultralisk  
  128  19:40  Queen  
  127  19:51  Zergling x2  
  128  19:54  Zergling x2  
  128  19:56  Baneling Nest  
  128  19:58  Roach, Drone  
  128  19:59  Drone  
  109  20:01  Drone  
  109  20:02  Queen, Mutalisk  
  109  20:06  Hydralisk  
  110  20:09  Hydralisk  
  110  20:11  Extractor  
  110  20:14  Drone, Zergling x2  
  110  20:15  Queen  
  110  20:18  Roach  
  110  20:19  Queen x2, Spore Crawler  
  110  20:20  Drone  
  114  20:22  Zergling x2  
  114  20:23  Spore Crawler  
  114  20:25  Drone  
  114  20:26  Roach  
  114  20:27  Overlord, Overseer  
  97  20:31  Roach  
  97  20:35  Extractor, Roach, Drone  
  82  20:40  Spawning Pool  
  82  20:41  Drone  
  75  20:45  Spire  
  69  20:51  Ultralisk Cavern  
  69  20:56  Drone  
  61  20:58  Drone  
  61  20:59  Evolution Chamber  
  61  21:00  Overlord  
  61  21:01  Drone  
  46  21:21  Overlord  
  46  21:27  Zergling x2  
  46  21:29  Spine Crawler  
  46  21:35  Spawning Pool  
  42  21:41  Overlord, Drone  
  42  21:43  Drone  
  42  21:45  Drone  
  34  21:47  Drone  
  34  22:00  Overlord  
  31  22:05  Hatchery  
  29  22:14  Overlord  
  29  22:22  Lair  
  28  22:30  Evolution Chamber  
  28  22:32  Overlord, Zergling x2  
  28  22:36  Zergling x2  
  29  22:51  Drone  
  29  22:52  Overlord  
  29  22:53  Drone  
  29  22:57  Spawning Pool  
  29  22:58  Drone  
  31  23:04  Drone  
  31  23:08  Drone x2  
  31  23:10  Drone, Overlord  
  31  23:11  Drone  
  32  23:17  Drone  
  32  23:19  Overseer  
  30  23:20  Drone x2  
  30  23:29  Overlord  
  30  23:30  Overseer  
  30  23:33  Evolution Chamber  
  26  23:35  Spire, Drone  
  26  23:37  Drone  
  26  23:38  Drone  
  26  23:40  Drone  
  25  23:46  Zergling x2  
  25  23:47  Overlord, Drone  
  25  23:49  Drone  
  25  23:51  Queen  
  25  23:52  Zergling x2  
  25  23:56  Drone, Zergling x2  
  25  23:57  Drone  
  21  24:05  Drone  
  21  24:06  Overlord  
  21  24:07  Drone  
  22  24:10  Overlord  
  22  24:12  Drone  
  20  24:24  Drone  
Show
View Real Time Build Order
Export as new Build Order

A.I. 4 (Hard) Zerg 

Build Orders: 1 Base Baneling Bust, Pool First 

Get SALT Encoding   

  12  0:01  Drone  
  13  0:12  Overlord  
  13  0:18  Drone  
  14  0:31  Drone  
  14  0:32  Drone  
  16  0:43  Spawning Pool  
  16  0:45  Drone  
  16  0:50  Drone  
  16  0:53  Extractor  
  16  0:56  Drone  
  17  1:06  Overlord  
  17  1:31  Queen, Zergling x4  
  21  1:38  Drone, Roach Warren  
  21  1:43  Extractor  
  20  1:49  Drone  
  20  1:51  Baneling Nest  
  20  2:00  Drone  
  21  2:11  Drone  
  22  2:22  Zergling x2  
  23  2:32  Drone  
  23  2:35  Baneling  
  23  2:36  Baneling x2  
  24  2:38  Overlord, Zergling x4  
  26  2:44  Zergling x2  
  27  2:55  Drone  
  28  3:05  Zergling x2  
  28  3:09  Zergling x2  
  28  3:10  Overlord, Zergling x2  
  31  3:17  Zergling x2, Baneling  
  32  3:22  Baneling  
  32  3:28  Zergling x2, Baneling  
  33  3:38  Zergling x2, Evolution Chamber  
  33  3:41  Drone  
  33  3:43  Drone  
  33  3:44  Drone  
  36  3:50  Drone  
  37  4:01  Drone  
  38  4:13  Drone  
  38  4:15  Drone, Overlord  
  40  4:33  Roach  
  40  4:35  Evolution Chamber  
  41  4:41  Overlord  
  41  4:42  Lair  
  41  4:45  Roach  
  43  5:00  Drone  
  43  5:02  Ravager  
  43  5:05  Roach  
  38  5:10  Zerg Melee Weapons Level 1  
  37  5:19  Zerg Ground Armor Level 1  
  39  5:35  Roach  
  39  5:40  Burrow  
  39  5:43  Hydralisk Den  
  39  5:45  Roach  
  40  5:54  Ravager  
  41  5:58  Roach  
  41  6:01  Overseer  
  43  6:10  Spore Crawler  
  43  6:11  Drone, Overseer  
  43  6:14  Hydralisk  
  45  6:18  Drone, Spore Crawler  
  45  6:23  Hydralisk  
  47  6:32  Hydralisk  
  47  6:37  Hatchery, Infestation Pit  
  47  6:42  Hydralisk  
  49  6:51  Queen, Drone  
  52  7:05  Zerg Missile Weapons Level 1  
  52  7:06  Spine Crawler  
  51  7:14  Spine Crawler  
  50  7:27  Spire  
  50  7:30  Drone  
  50  7:50  Drone  
  51  7:51  Drone  
  51  7:53  Drone  
  51  7:56  Drone  
  52  8:01  Spore Crawler  
  52  8:02  Drone  
  48  8:09  Hydralisk  
  48  8:12  Spore Crawler  
  49  8:13  Drone  
  49  8:16  Drone  
  49  8:18  Drone  
  50  8:22  Drone  
  50  8:24  Overseer  
  51  8:31  Infestor  
  53  8:48  Hive  
  53  9:07  Extractor  
  53  9:09  Extractor  
  51  9:12  Overlord  
  51  9:46  Pneumatized Carapace  
  51  9:57  Overseer  
  51  10:00  Roach  
  51  10:02  Ultralisk Cavern  
  51  10:05  Overlord  
  52  10:08  Roach  
  54  10:15  Roach  
  56  10:21  Hydralisk  
  58  10:28  Overlord  
  58  10:29  Hydralisk  
  60  10:36  Infestor  
  62  10:48  Overlord, Drone  
  63  10:51  Ultralisk  
  69  10:58  Drone, Ultralisk  
  69  11:02  Drone  
  77  11:05  Viper  
  77  11:06  Drone  
  77  11:10  Drone  
  82  11:16  Overlord  
  82  11:20  Drone  
  82  11:23  Drone  
  84  11:26  Drone  
  85  11:45  Hatchery  
  84  11:50  Overlord  
  84  11:54  Overseer  
  84  11:56  Drone  
  84  11:59  Drone  
  86  12:01  Drone  
  86  12:05  Drone  
  86  12:07  Drone  
  89  12:10  Drone  
  89  12:15  Overlord  
  90  12:18  Drone  
  90  12:20  Drone  
  92  12:23  Drone  
  92  12:29  Zerg Melee Weapons Level 2  
  93  12:43  Ultralisk  
  99  12:46  Overlord  
  98  12:59  Ultralisk  
  98  13:01  Roach  
  91  13:06  Zergling x2  
  91  13:07  Overseer  
  91  13:12  Hydralisk  
  78  13:18  Hydralisk  
  65  13:25  Ultralisk  
  69  13:31  Hydralisk  
  69  13:32  Overseer  
  71  13:44  Ultralisk  
  71  13:48  Overlord  
  77  14:06  Overlord, Ultralisk  
  83  14:14  Ultralisk  
  89  14:23  Hydralisk  
  89  14:24  Overlord  
  89  14:30  Hydralisk  
  93  14:33  Drone  
  93  14:36  Hydralisk  
  96  14:43  Drone, Infestor, Zerg Ground Armor Level 2  
  99  14:47  Overlord  
  99  14:48  Drone  
  99  14:50  Overseer  
  100  14:57  Zerg Missile Weapons Level 2  
  100  15:05  Drone, Overlord  
  100  15:07  Drone  
  102  15:08  Drone  
  102  15:10  Drone  
  102  15:11  Drone  
  102  15:13  Drone  
  106  15:18  Pathogen Glands  
  106  15:21  Zerg Flyer Weapons Level 1  
  106  15:26  Zergling x2  
  92  15:28  Overlord  
  92  15:32  Hydralisk  
  70  15:37  Overseer  
  70  15:40  Extractor  
  69  15:44  Extractor  
  68  16:02  Overlord, Ultralisk  
  74  16:12  Mutalisk  
  76  16:22  Mutalisk  
  78  16:31  Mutalisk  
  78  16:32  Overlord  
  80  16:41  Corruptor  
  82  16:50  Mutalisk  
  84  16:59  Mutalisk  
  86  17:08  Mutalisk  
  86  17:09  Overlord  
  88  17:18  Corruptor  
  90  17:36  Viper  
  93  17:44  Overseer  
  93  17:52  Mutalisk  
  93  17:53  Overlord  
  95  18:00  Hatchery  
  95  18:02  Mutalisk  
  96  18:11  Drone, Mutalisk  
  99  18:13  Drone  
  99  18:16  Spine Crawler  
  99  18:18  Drone  
  100  18:20  Spine Crawler, Mutalisk  
  100  18:21  Overlord  
  100  18:22  Drone  
  100  18:24  Spore Crawler  
  100  18:25  Drone  
  102  18:31  Mutalisk  
  102  18:34  Drone, Spore Crawler  
  103  18:39  Queen, Mutalisk  
  103  18:40  Overlord  
  108  18:44  Queen  
  110  18:48  Corruptor  
  112  18:58  Corruptor  
  112  18:59  Spine Crawler  
  113  19:02  Spine Crawler  
  112  19:13  Drone  
  112  19:14  Queen  
  112  19:15  Drone  
  112  19:16  Drone  
  117  19:17  Viper  
  117  19:18  Drone, Overlord  
  117  19:19  Extractor, Drone  
  117  19:21  Drone  
  117  19:22  Drone  
  124  19:24  Drone  
  124  19:25  Drone, Spore Crawler  
  124  19:27  Drone  
  124  19:29  Drone, Spore Crawler  
  124  19:31  Drone  
  126  19:32  Extractor, Zerg Flyer Armor Level 1, Drone  
  126  19:34  Drone  
  126  19:35  Drone  
  126  19:38  Overlord, Zergling x2  
  128  19:41  Baneling x2, Zergling x2  
  128  19:44  Zergling x2  
  128  19:45  Ultralisk  
  131  19:47  Zergling x2  
  131  19:50  Zergling x2  
  133  19:53  Zergling x2  
  133  19:55  Drone, Zergling x2  
  133  19:58  Overlord, Zergling x2  
  123  20:00  Zergling x2  
  123  20:01  Drone  
  123  20:03  Drone, Zergling x2  
  98  20:08  Mutalisk  
  98  20:12  Hydralisk  
  82  20:16  Roach  
  82  20:19  Mutalisk  
  80  20:22  Zergling x2  
  80  20:25  Hydralisk  
  79  20:28  Zergling x2  
  79  20:30  Zergling x2  
  79  20:33  Zergling x2  
  79  20:35  Zergling x2  
  77  20:37  Zergling x2  
  77  20:39  Drone, Zergling x2  
  77  20:40  Overseer  
  77  20:42  Zergling x2, Overseer  
  68  20:44  Zergling x2  
  68  20:47  Zergling x2  
  66  20:51  Roach  
  66  20:54  Hydralisk, Drone  
  65  20:57  Baneling, Zergling x2  
  65  20:58  Drone  
  65  21:00  Baneling, Mutalisk  
  63  21:05  Roach  
  63  21:07  Zergling x2  
  63  21:08  Drone  
  63  21:11  Hydralisk, Drone  
  57  21:14  Drone, Baneling x2  
  57  21:17  Drone, Zergling x2  
  56  21:18  Drone  
  56  21:21  Roach, Drone  
  60  21:31  Roach, Drone  
  62  21:33  Zergling x2  
  62  21:34  Overseer  
  62  21:35  Queen  
  62  21:37  Roach, Hatchery  
  56  21:40  Mutalisk  
  56  21:43  Hydralisk  
  52  21:48  Roach  
  52  21:51  Hydralisk  
  34  22:08  Hatchery  
  25  22:26  Spawning Pool  
  16  22:44  Drone  
Show
View Real Time Build Order
Export as new Build Order

A.I. 3 (Hard) Protoss 

Build Orders:  

Get SALT Encoding   

  12  0:01  Probe  
  13  0:13  Probe  
  14  0:20  Pylon  
  14  0:25  Probe  
  15  0:34  Probe  
  15  0:42  Probe  
  16  0:48  Assimilator  
  17  0:51  Gateway  
  17  0:52  Probe  
  18  1:00  Probe  
  18  1:03  Pylon  
  19  1:25  Probe  
  20  1:39  Cybernetics Core  
  22  1:40  Zealot  
  22  1:47  Gateway  
  22  1:50  Assimilator  
  22  2:05  Pylon  
  22  2:07  Adept  
  24  2:27  Warp Gate  
  24  2:33  Adept  
  26  2:45  Zealot  
  26  2:47  Pylon  
  28  3:03  Adept, Stalker  
  32  3:24  Probe  
  32  3:27  Pylon  
  33  3:33  Adept  
  35  3:37  Probe  
  35  3:40  Adept  
  38  3:45  Forge  
  38  3:49  Probe  
  39  4:01  Probe  
  40  4:03  Adept  
  40  4:09  Probe  
  43  4:17  Probe  
  43  4:18  Adept  
  46  4:38  Adept  
  48  5:53  Protoss Ground Weapons Level 1  
  48  6:06  Sentry  
  48  6:09  Gateway  
  48  6:10  Nexus  
  50  6:14  Pylon  
  50  6:15  Stalker  
  50  6:18  Photon Cannon  
  52  6:20  Photon Cannon  
  52  6:23  Robotics Facility  
  52  6:25  Sentry  
  54  6:26  Stargate  
  54  6:29  Twilight Council  
  54  6:31  Forge  
  54  6:37  Pylon  
  54  6:38  Stalker  
  56  6:48  Stalker  
  56  7:00  Protoss Ground Armor Level 1  
  56  7:07  Zealot  
  56  7:09  Observer  
  57  7:22  Probe  
  58  7:24  Probe, Observer  
  58  7:25  Assimilator  
  59  7:30  Pylon  
  59  7:33  Pylon  
  59  7:34  Probe  
  59  7:35  Assimilator  
  59  7:36  Probe  
  62  7:46  Probe  
  62  7:48  Probe  
  62  7:51  Stalker  
  64  7:55  Photon Cannon  
  60  7:58  Probe  
  60  7:59  Photon Cannon  
  60  8:00  Probe, Zealot  
  58  8:09  Adept  
  58  8:11  Probe  
  55  8:13  Probe  
  55  8:19  Adept  
  58  8:21  Probe  
  58  8:26  Probe  
  60  8:28  Adept  
  60  8:29  Probe  
  63  8:38  Probe x2, Adept  
  66  8:47  Adept  
  69  8:50  Probe x2  
  71  8:56  Adept  
  71  9:02  Probe  
  74  9:03  Probe  
  75  9:14  Probe  
  76  10:12  Void Ray  
  76  10:21  Warp Prism  
  82  10:23  Gateway  
  82  10:28  Nexus, Robotics Facility  
  82  10:31  Stargate  
  82  10:35  Robotics Bay  
  82  10:38  Pylon  
  82  10:45  Phoenix  
  84  10:56  Warp Prism  
  86  11:02  Fleet Beacon  
  86  11:09  Warp Prism  
  90  11:11  Void Ray  
  90  11:13  Pylon  
  90  11:15  Phoenix  
  94  11:21  Protoss Ground Weapons Level 2  
  94  11:24  Protoss Ground Armor Level 2  
  94  11:32  Disruptor  
  97  11:38  Gravitic Boosters  
  97  11:39  Observer  
  97  11:40  Pylon  
  97  11:41  Probe  
  97  11:43  Probe  
  97  11:44  Probe  
  101  11:47  Tempest  
  101  11:53  Probe  
  107  11:54  Protoss Air Weapons Level 1  
  107  11:55  Probe  
  107  11:57  Probe  
  107  12:00  Disruptor  
  112  12:05  Probe  
  112  12:08  Probe  
  114  12:10  Probe  
  114  12:11  Pylon  
  115  12:17  Probe  
  115  12:18  Pylon  
  115  12:20  Probe  
  115  12:22  Probe  
  118  12:24  Templar Archives  
  118  12:29  Probe  
  119  12:31  Dark Shrine, Probe  
  119  12:35  Gravitic Drive  
  120  12:39  Photon Cannon  
  120  12:43  Photon Cannon  
  120  12:57  Assimilator  
  120  13:02  Assimilator  
  120  13:41  Phoenix  
  120  13:45  Protoss Air Armor Level 1  
  120  13:52  Protoss Shields Level 1  
  120  14:24  Zealot  
  120  14:25  Resonating Glaives  
  120  14:26  Protoss Ground Weapons Level 3  
  120  14:27  Adept, Immortal  
  124  14:31  Stalker  
  128  15:24  Nexus, Protoss Air Weapons Level 2  
  128  15:55  Protoss Ground Armor Level 3  
  128  16:52  Protoss Shields Level 2, Assimilator  
  128  17:00  Pylon  
  128  17:02  Pylon  
  128  17:03  Assimilator  
  128  17:18  Colossus  
  128  17:22  Blink  
  128  17:24  Photon Cannon  
  128  17:26  Photon Cannon  
  134  17:31  Stalker  
  136  17:38  Sentry  
  136  17:39  Extended Thermal Lance  
  138  17:44  Colossus  
  138  17:47  Protoss Air Armor Level 2  
  144  17:51  Tempest  
  149  19:02  Protoss Shields Level 3  
  149  20:08  Colossus  
  149  20:14  Protoss Air Weapons Level 3  
  132  20:16  Stalker  
  89  20:22  Stalker  
  89  20:27  Tempest  
  83  20:36  Sentry  
  83  20:42  Zealot  
  85  20:49  Stalker  
  86  20:55  Zealot  
  88  21:02  Stalker  
  86  21:09  Sentry  
  84  21:13  Immortal  
  84  21:16  Sentry  
  88  21:20  Immortal  
  88  21:24  Stalker  
  88  21:25  Tempest  
  83  21:28  Stalker  
  84  21:36  Adept  
  84  21:38  Nexus  
  86  21:41  Stalker  
  86  21:45  Stalker  
  87  21:52  Immortal  
  87  21:53  Zealot  
  90  21:59  Immortal  
  90  22:00  Zealot  
  92  22:04  Pylon, Stalker  
  92  22:06  Pylon  
  82  22:09  Probe  
  82  22:10  Photon Cannon  
  82  22:12  Probe, Zealot  
  82  22:14  Probe, Void Ray  
  75  22:15  Photon Cannon  
  75  22:16  Zealot  
  75  22:20  Zealot  
  75  22:21  Probe  
  67  22:24  Probe, Adept  
  67  22:26  Probe  
  63  22:32  Fleet Beacon  
  63  22:37  Void Ray  
  63  22:39  Immortal  
  63  22:40  Sentry  
  68  22:45  Sentry  
  68  22:48  Probe  
  70  22:51  Probe, Void Ray  
  70  22:53  Stalker  
  70  22:54  Probe  
  65  23:00  Probe  
  65  23:01  Stalker  
  65  23:03  Probe  
  48  23:05  Stalker  
  48  23:06  Probe  
  48  23:12  Probe  
  42  23:16  Zealot  
  42  23:17  Probe  
  42  23:18  Probe  
  41  23:21  Pylon  
  41  23:26  Pylon  
  28  23:29  Probe, Zealot  
  28  23:30  Probe  
  24  23:41  Probe  
  12  23:44  Probe  
  10  23:50  Probe  
  10  23:58  Probe  
  10  24:04  Probe  
  10  24:15  Pylon  
  10  24:16  Probe  
  11  24:20  Nexus  
  11  24:22  Assimilator  
  9  24:26  Pylon  
Show
View Real Time Build Order
Export as new Build Order

Lunarbears Terran - Winner!

Build Orders:  

Get SALT Encoding   

  12  0:06  SCV  
  13  0:18  SCV  
  14  0:25  Supply Depot  
  14  0:30  SCV  
  15  0:35  Refinery  
  15  0:47  SCV  
  16  0:55  Supply Depot  
  16  0:59  SCV  
  16  1:00  Barracks  
  17  1:16  SCV  
  18  1:29  SCV  
  19  1:41  SCV  
  19  1:43  Barracks  
  20  1:51  Refinery  
  20  1:53  SCV  
  21  1:58  Engineering Bay  
  21  2:02  Marine  
  21  2:05  SCV  
  23  2:14  Supply Depot  
  23  2:17  SCV  
  23  2:19  Marine  
  25  2:29  SCV  
  26  2:37  Marine, Supply Depot  
  26  2:39  Marine  
  28  2:49  Factory  
  28  2:56  Terran Infantry Weapons Level 1  
  28  3:02  Marine  
  29  3:28  SCV  
  29  3:31  Bunker  
  30  3:40  SCV  
  31  3:44  Starport  
  31  3:50  Command Center  
  31  3:53  Hellion  
  33  4:00  Marine  
  33  4:01  Marine  
  35  4:15  Missile Turret  
  35  4:22  Hellion  
  37  4:46  Command Center  
  31  5:21  Fusion Core  
  31  5:26  Marine  
  31  5:27  Marine  
  33  5:43  Bunker  
  33  5:44  Marine  
  33  5:48  Starport Tech Lab, Supply Depot  
  34  5:53  SCV  
  35  6:02  SCV  
  36  6:05  SCV  
  36  6:10  Bunker  
  37  6:13  Marine x2  
  37  6:14  SCV  
  37  6:17  SCV  
  41  6:26  SCV  
  41  6:29  SCV  
  41  6:31  Marine, Refinery  
  44  6:34  Battlecruiser  
  50  6:41  SCV  
  39  7:12  Marine x2  
  41  7:26  Hellion  
  43  7:30  Marine x2  
  32  8:32  SCV  
  33  8:36  Battlecruiser  
  39  8:44  SCV  
  39  8:48  Marine x2  
  42  8:56  SCV  
  42  8:57  Refinery  
  43  9:06  Marine x2  
  45  9:29  Supply Depot  
  45  9:40  Battlecruiser  
  51  9:47  Factory  
  51  10:07  Supply Depot  
  51  10:22  Command Center  
  51  10:51  SCV  
  52  11:04  SCV  
  53  11:15  Marine x2  
  53  11:16  SCV  
  53  11:17  Battlecruiser  
  62  11:32  Armory  
  62  11:33  Marine x2  
  64  11:51  Refinery  
  64  12:02  Marine x2  
  64  12:08  SCV  
  67  12:20  SCV  
  74  12:29  Terran Vehicle And Ship Armor Level 1  
  74  12:43  Battlecruiser  
  74  12:45  Starport  
  74  12:50  Factory Tech Lab  
  74  13:02  Factory  
  74  13:39  SCV  
  75  13:51  SCV  
  76  13:58  Factory Tech Lab  
  76  14:10  Factory  
  75  14:24  Terran Ship Weapons Level 1  
  68  15:01  Supply Depot  
  68  15:13  Starport Tech Lab  
  66  15:59  Factory Tech Lab  
  66  16:07  Supply Depot  
  66  16:15  Battlecruiser  
  66  16:17  Terran Vehicle And Ship Armor Level 2  
  78  16:38  Battlecruiser  
  66  17:06  Thor  
  66  17:08  Thor  
  72  17:10  Thor  
  84  17:19  Battlecruiser  
  90  17:49  Thor  
  90  17:51  Thor, Command Center  
  96  17:53  Thor  
  108  18:17  Supply Depot  
  108  18:41  Supply Depot  
  108  18:43  Orbital Command  
  108  19:06  Supply Depot  
  108  19:12  Supply Depot  
  108  19:28  Thor  
  108  19:30  Refinery  
  126  19:47  Thor  
  126  19:48  Thor  
  126  20:10  Thor  
  126  20:30  Thor x2  
  132  20:53  Thor  
  138  20:58  Battlecruiser  
  138  21:00  Battlecruiser  
  150  21:13  Thor x2  
  162  21:50  Thor  
  162  22:19  Supply Depot  
  162  22:24  Supply Depot  
  162  22:29  Supply Depot  
  162  22:36  Supply Depot  
  162  22:40  Battlecruiser  
  168  23:43  Thor x3  
Show
View Real Time Build Order
Export as new Build Order

FroGGe Zerg - Winner!

Build Orders: Hatch First 

Get SALT Encoding   

  12  0:05  Drone  
  13  0:16  Drone  
  13  0:19  Overlord  
  14  0:37  Overlord  
  14  0:40  Drone  
  14  0:41  Drone  
  16  1:03  Hatchery  
  15  1:16  Spawning Pool  
  15  1:17  Drone  
  15  1:35  Drone x2  
  15  1:36  Drone  
  20  2:20  Queen  
  20  2:30  Extractor  
  20  2:35  Extractor  
  18  2:40  Extractor  
  18  2:41  Extractor  
  16  2:57  Drone x5  
  16  2:58  Drone  
  22  3:14  Drone  
  23  3:43  Lair  
  23  3:52  Drone  
  23  3:53  Drone x6  
  30  4:37  Hatchery  
  29  4:57  Hydralisk Den  
  29  4:59  Drone x4  
  33  5:00  Drone x3  
  35  5:18  Zergling x2  
  36  5:21  Overlord  
  36  5:22  Overlord x2  
  36  5:39  Queen  
  38  5:51  Hydralisk x2  
  38  5:52  Hydralisk x3  
  48  6:06  Evolution Chamber  
  47  6:14  Queen  
  49  6:22  Drone x3  
  52  6:27  Hydralisk x4  
  52  6:28  Hydralisk  
  62  6:36  Overlord  
  62  6:37  Overlord x3  
  36  7:35  Hydralisk x6  
  36  7:36  Hydralisk x6  
  36  7:37  Hydralisk x2  
  50  8:15  Drone x3  
  50  8:16  Hatchery  
  50  8:18  Drone x3  
  55  8:35  Zerg Missile Weapons Level 1  
  55  8:45  Infestation Pit  
  54  8:56  Spire, Drone x6  
  59  9:05  Queen  
  59  9:08  Queen  
  63  9:16  Overlord  
  63  9:19  Hydralisk x2  
  67  9:41  Extractor  
  66  9:46  Extractor  
  65  9:57  Queen  
  67  10:00  Hydralisk x3  
  67  10:01  Hydralisk x4, Swarm Host  
  84  10:08  Zerg Flyer Weapons Level 1  
  84  10:29  Zerg Ground Armor Level 1  
  84  10:42  Hatchery  
  83  11:02  Hydralisk x5  
  83  11:03  Hydralisk x5  
  103  11:18  Drone, Hive  
  104  12:00  Drone x5  
  104  12:01  Drone x3  
  112  12:07  Overlord x2  
  112  12:23  Zerg Melee Weapons Level 1  
  112  12:25  Queen  
  112  12:28  Muscular Augments  
  114  12:38  Drone  
  114  12:39  Drone x3  
  114  12:40  Drone x2  
  114  12:41  Drone  
  114  12:43  Drone x2  
  71  13:23  Drone x3  
  71  13:24  Drone x8  
  71  13:25  Drone  
  83  13:39  Grooved Spines  
  83  14:04  Drone  
  83  14:05  Drone x2  
  86  14:10  Drone x3  
  86  14:11  Drone x4  
  93  14:17  Zerg Missile Weapons Level 2  
  93  14:21  Drone x3  
  93  14:22  Drone  
  89  14:36  Extractor  
  88  14:43  Extractor  
  88  14:44  Hydralisk  
  88  14:45  Hydralisk x7  
  93  14:46  Hydralisk x5  
  113  14:57  Zerg Flyer Armor Level 1  
  113  15:01  Neural Parasite  
  113  15:03  Adrenal Glands  
  113  15:06  Queen  
  115  15:08  Queen  
  115  15:10  Queen  
  84  15:37  Hydralisk x5  
  84  15:38  Hydralisk x5  
  84  15:42  Queen  
  108  16:20  Pathogen Glands  
  108  16:32  Zerg Ground Armor Level 2  
  102  16:35  Metabolic Boost  
  102  16:39  Queen  
  90  16:48  Ultralisk Cavern  
  90  16:50  Zerg Flyer Weapons Level 2  
  88  16:55  Overlord  
  88  16:56  Overlord x7  
  88  16:59  Hydralisk x4  
  88  17:00  Hydralisk x7  
  88  17:01  Hydralisk x2  
  114  17:16  Microbial Shroud  
  114  17:41  Ultralisk x2  
  114  17:42  Ultralisk x4  
  150  17:47  Chitinous Plating  
  150  18:01  Hydralisk  
  152  18:24  Ultralisk  
  158  18:29  Hydralisk x2  
  158  18:30  Hydralisk  
  164  18:48  Zerg Melee Weapons Level 2  
  164  19:00  Drone x3  
  164  19:01  Drone  
  168  19:06  Anabolic Synthesis, Zerg Flyer Armor Level 2  
  168  19:22  Hydralisk x5  
  168  19:23  Hydralisk x6  
  190  19:55  Hydralisk  
  160  20:29  Ultralisk x4  
  160  20:30  Ultralisk  
  190  21:04  Zerg Missile Weapons Level 3  
  174  21:21  Ultralisk  
  170  21:42  Ultralisk  
  174  22:19  Ultralisk  
  174  22:20  Ultralisk x2  
  186  23:36  Ultralisk  
Show
View Real Time Build Order
Export as new Build Order

larsgj Terran - Winner!

Build Orders:  

Get SALT Encoding   

  12  0:02  SCV  
  13  0:16  SCV  
  13  0:20  Supply Depot  
  14  0:33  SCV  
  15  0:49  Barracks  
  15  1:05  Refinery  
  15  1:08  SCV, Refinery  
  16  1:20  SCV  
  17  1:32  SCV  
  17  1:35  Command Center  
  17  1:38  Marine  
  19  1:57  Marine  
  20  2:13  SCV  
  21  2:25  SCV  
  22  2:31  Bunker  
  22  2:37  SCV  
  23  2:49  SCV  
  24  2:59  Marine  
  24  3:01  SCV  
  26  3:08  Bunker  
  26  3:14  SCV  
  26  3:17  Marine  
  26  3:19  Factory  
  28  3:29  Orbital Command  
  28  3:35  Marine  
  29  3:52  Marine  
  29  3:55  SCV  
  31  4:01  Refinery  
  31  4:02  Engineering Bay  
  31  4:07  SCV  
  31  4:09  Starport  
  32  4:10  Marine  
  33  4:19  SCV  
  33  4:23  Barracks  
  34  4:28  Marine  
  35  4:31  SCV  
  35  4:32  Refinery  
  35  4:38  SCV  
  37  4:43  SCV  
  38  4:58  Supply Depot  
  38  5:11  Starport Tech Lab  
  38  5:19  Fusion Core, Armory  
  38  5:20  SCV x2, Supply Depot  
  40  5:32  SCV  
  41  5:44  Supply Depot  
  41  5:52  Barracks Tech Lab  
  41  5:59  Orbital Command  
  41  6:01  Starport  
  41  6:11  SCV  
  42  6:14  Battlecruiser  
  48  6:18  Supply Depot  
  48  6:31  Terran Ship Weapons Level 1  
  48  6:42  Supply Depot  
  48  6:49  Starport Tech Lab  
  48  7:13  Bunker  
  48  7:17  Marine x2  
  50  7:35  Marine x2  
  52  7:44  Bunker  
  52  7:53  Marine x2  
  54  8:01  Battlecruiser x2  
  66  8:10  Marine  
  66  8:11  Marine  
  68  8:25  Terran Vehicle And Ship Armor Level 1  
  68  8:28  Marine x2  
  70  8:56  Missile Turret  
  70  9:05  Battlecruiser  
  76  9:18  Missile Turret  
  76  9:19  Supply Depot  
  76  9:41  Battlecruiser  
  76  9:42  Supply Depot  
  76  9:43  Missile Turret  
  82  10:05  Supply Depot  
  82  10:08  Command Center  
  82  10:09  Battlecruiser  
  82  10:10  Missile Turret  
  88  10:28  Supply Depot  
  88  10:40  Terran Ship Weapons Level 2  
  88  10:48  Missile Turret  
  88  10:50  Supply Depot  
  88  11:04  Battlecruiser  
  94  11:08  Missile Turret  
  94  11:12  Supply Depot  
  94  11:14  Battlecruiser  
  100  11:20  SCV  
  101  11:28  SCV  
  101  11:29  Missile Turret  
  101  11:32  SCV  
  103  11:34  Supply Depot  
  103  11:40  SCV  
  103  11:44  SCV  
  105  11:51  Missile Turret  
  105  11:52  SCV  
  106  11:56  SCV, Supply Depot  
  107  12:04  SCV  
  109  12:08  SCV  
  109  12:13  Battlecruiser  
  109  12:14  Missile Turret  
  115  12:16  SCV  
  115  12:18  Battlecruiser  
  115  12:19  Supply Depot  
  122  12:32  SCV  
  123  12:42  Command Center  
  123  12:44  SCV, Refinery  
  123  12:50  Refinery  
  124  12:52  Refinery  
  124  12:56  SCV, Terran Vehicle And Ship Armor Level 2  
  125  13:08  SCV  
  126  13:20  SCV  
  127  13:38  Battlecruiser x2  
  139  14:02  Orbital Command, Refinery  
  139  14:04  Orbital Command  
  139  14:42  Battlecruiser x2  
  151  14:48  Supply Depot  
  151  14:49  Supply Depot  
  151  15:10  Supply Depot  
  151  15:12  Terran Ship Weapons Level 3  
  151  16:16  Battlecruiser x2  
  163  17:20  Battlecruiser x2  
  175  17:27  Missile Turret  
  175  17:32  Missile Turret  
  175  17:42  Sensor Tower  
  172  18:25  Battlecruiser x2  
  184  19:29  Battlecruiser x2  
  184  20:33  Battlecruiser x2  
  196  21:17  Terran Vehicle And Ship Armor Level 3  
  196  21:37  Weapon Refit  
Tags
 
Add a new tag
Caveats
  • Supply blocks, unpowered buildings, or Contaminate may cause inaccurate times.
  • Supply counts are checked every 10 seconds.